 Dungeon Crawl Stone Soup version 0.20.1-1-g8b1a95d (webtiles) character file.

52 Irenicus the Insei (level 3, -1/26 HPs)
             Began as an Octopode Chaos Knight on Oct 19, 2017.
             Slain by a worm (7 damage)
             ... on level 2 of the Dungeon.
             The game lasted 00:02:10 (787 turns).

Irenicus the Insei (Octopode Chaos Knight)           Turns: 787, Time: 00:02:12

Health: -1/26      AC:  1    Str: 11    XL:     3   Next: 85%
Magic:  3/3        EV: 13    Int: 14    God:    Xom [..*...]
Gold:   93         SH:  0    Dex: 12    Spells: 2/2 levels left

rFire    . . .     SeeInvis .     - Unarmed
rCold    . . .     Gourm    .   (no shield)
rNeg     . . .     Faith    .   (helmet restricted)
rPois    .         Spirit   .   (no amulet)
rElec    .         Reflect  .   c - ring of stealth
rCorr    .         Harm     .   (no ring)
MR       .....                  (no ring)
Stlth    ++++......             (no ring)
Regen    0.1/turn               (no ring)
MPRegen  0.1/turn               (no ring)
                                (no ring)
                                (no ring)

@: no status effects
A: almost no armour, stealthy swim, amphibious, 8 rings, constrict 8, camouflage
1, gelatinous body 1
a: Renounce Religion


You were on level 2 of the Dungeon.
You worshipped Xom.
You were a toy of Xom.
You were not hungry.

You visited 1 branch of the dungeon, and saw 2 of its levels.

You collected 93 gold pieces.

Inventory:

Armour
 i - a +0 buckler
Jewellery
 c - a ring of stealth (left tentacle)
Scrolls
 e - a scroll of immolation {unknown}
 g - 3 scrolls of random uselessness {unknown}
 h - 2 scrolls of identify {unknown}
Potions
 b - 2 potions of invisibility {unknown}
 d - a potion of brilliance {unknown}
 f - a potion of heal wounds {unknown}
 j - a potion of curing {unknown}
 k - a potion of mutation {unknown}
 l - a potion of berserk rage {unknown}
Comestibles
 a - 2 bread rations


   Skills:
 - Level 3.0 Fighting
 - Level 2.3 Dodging
 * Level 2.8 Stealth
 + Level 4.0 Unarmed Combat


You had 2 spell levels left.
You didn't know any spells.

Dungeon Overview and Level Annotations

Branches:
Dungeon (2/15)

Altars:
Sif Muna


Innate Abilities, Weirdness & Mutations

You cannot wear most types of armour.
You are very stealthy in the water. (Stealth+)
You are amphibious.
You can wear up to eight rings at the same time.
You can use your tentacles to constrict eight enemies at once.
Your skin changes colour to match your surroundings (Stealth+).
Your rubbery body absorbs attacks. (AC +1, EV +1)


Message History

You are now a toy of Xom.
A worm comes into view.
You tentacle-slap the worm. You grab the worm.
The worm is lightly wounded.
You constrict the worm.
You tentacle-slap the worm but do no damage.
The worm is moderately wounded.
You constrict the worm. The worm bites you.
You tentacle-slap the worm.
The worm is moderately wounded.
You constrict the worm, but do no damage.
You tentacle-slap the worm.
The worm is heavily wounded.
You constrict the worm. The worm bites you.
* * * LOW HITPOINT WARNING * * *
You tentacle-slap the worm.
The worm is heavily wounded.
You constrict the worm. The worm bites you!
You die... "I guess I need a new plaything now."

#.....##.#.)......###....#
#.#...#......).....####..#
###.#.#..............#
.....
#.._..##.............#
......
#.#.####.##..........#
......
##...####.##..........#
......
...####...###........##
†.#####.#.###.<..w....##
..........##....@.......
...##..#####..........#.
..###.## #..........#
####..# ####..(.......#
.###.## #.............#
.....####.#.............
............##......####
#######...###########
#..###


You could see a worm.

Vanquished Creatures
  An adder (D:2)
  An ooze (D:2)
  A worm (D:2)
  2 leopard geckos
  2 giant cockroaches
  8 goblins
  2 hobgoblins (D:1)
  5 kobolds
  A ball python (D:2)
  4 bats (D:1)
  4 frilled lizards
  2 rats
33 creatures vanquished.

Vanquished Creatures (others)
  A kobold (D:2)
1 creature vanquished.

Grand Total: 34 creatures vanquished

Notes
Turn   | Place    | Note
-------+----------+-------------------------------------------
     0 | D:1      | Irenicus the Octopode Chaos Knight began the quest for the Orb.
     0 | D:1      | Reached XP level 1. HP: 16/16 MP: 1/1
   140 | D:1      | Reached XP level 2. HP: 20/21 MP: 2/2
   206 | D:1      | Reached skill level 1 in Stealth
   550 | D:2      | Reached XP level 3. HP: 20/26 MP: 3/3
   654 | D:2      | Reached skill level 4 in Unarmed Combat
   745 | D:2      | Found a deep blue altar of Sif Muna.
   769 | D:2      | XOM is BORED!
   769 | D:2      | XOM: noise
   787 | D:2      | Slain by a worm

Skill      XL: |  1  2  3 |
---------------+----------+-----
Stealth        | 1 2 |  2.8
Unarmed Combat | 4 |  4.0
Fighting       | |  3.0
Dodging        | |  2.3

Action                   || total
-------------------------++-------
Melee: Unarmed           ||    69
       Constrict         ||    18
       Tentacles         ||     9
       Punch             ||     1
 Stab: Sleeping          ||    13
Armor: Skin              ||     1
Dodge: Dodged            ||    31
